 Dungeon Crawl Stone Soup version 0.14-a0-1974-gdb6e453 (webtiles) character file.

127 Psiweapon the Vexing (level 4, -1/30 HPs)
             Began as a Vampire Enchanter on Jan 17, 2014.
             Slain by an orc
             ... wielding a -1,+1 orcish trident
              (6 damage)
             ... on Level 3 of the Dungeon.
             The game lasted 00:05:35 (2398 turns).

Psiweapon the Vexing (Vampire Enchanter)            Turns: 2398, Time: 00:05:35

HP  -1/30        AC  3     Str  7      XL: 4   Next: 31%
MP   2/7         EV 13     Int 17      God:
Gold 38          SH  0     Dex 15      Spells:  2 memorised,  4 levels left

rFire  . . .     SeeInvis +     a - +1 dagger
rCold  + . .     Clarity  .     b - +1 robe
rNeg   + + .     Conserve .     (no shield)
rPois  +         rCorr    .     (no helmet)
rElec  .         rRot     +     (no cloak)
SustAb . .       Spirit   .     (no gloves)
rMut   .         Warding  .     (no boots)
Saprov . . .     Stasis   .     (no amulet)
MR     .....                    (no ring)
                                (no ring)

@: regenerating slowly, not resistant to hostile enchantments, quite stealthy
A: fangs 3, see invisible, unbreathing
a: Bat Form


You were on level 3 of the Dungeon.
You were very thirsty.

You visited 1 branch of the dungeon, and saw 3 of its levels.

You collected 38 gold pieces.

Inventory:

Hand weapons
 a - a +1,+1 dagger (weapon)
 i - a +0,+0 mace of protection
Missiles
 d - 12 darts (quivered)
 p - 21 sling bullets
 q - 11 poisoned needles
Armour
 b - a +1 robe (worn)
Scrolls
 f - 2 scrolls of remove curse {unknown}
 h - a scroll of teleportation {unknown}
 k - a scroll of recharging {unknown}
 n - a scroll of immolation {unknown}
 t - a scroll of enchant armour {unknown}
 u - a scroll of curse jewellery {unknown}
 v - a scroll of identify {unknown}
 x - a scroll of curse armour {unknown}
Potions
 e - a potion of coagulated blood
 j - a potion of speed {unknown}
 l - a potion of magic {unknown}
 o - 2 potions of confusion {unknown}
 s - 2 potions of curing {unknown}
 w - a potion of restore abilities {unknown}
Books
 c - a book of Maledictions

   Spells                             Type                      Level
   *Corona                            Hexes                        1
   Sure Blade                         Hexes/Charms                 2
   *Ensorcelled Hibernation           Hexes/Ice                    2
   Confuse                            Hexes                        3
   Enslavement                        Hexes                        4
   Invisibility                       Hexes                        6


   Skills:
 - Level 1.1 Short Blades
 - Level 0.7 Throwing
 + Level 3.0 Dodging
 + Level 4.9 Stealth
 - Level 2.0 Spellcasting
 + Level 5.9 Hexes


You had 4 spell levels left.
You knew the following spells:

 Your Spells              Type           Power        Failure   Level  Hunger
a - Corona                Hex            ###....      1%          1    #......
b - Ensorcelled Hibernat  Hex/Ice        ##....       12%         2    ###....


Dungeon Overview and Level Annotations

Branches:
Dungeon (3/16)

Altars:


Innate Abilities, Weirdness & Mutations

You heal slowly.
You have razor-sharp teeth.*
You have supernaturally acute eyesight.
You can survive without breathing.*


Message History

The orc hits you with an orcish dagger. The orc barely misses you.
The orc priest calls down the wrath of Beogh upon you.
Something smites you!
Ouch! That really hurt!
You hit the orc priest.
The orc priest is almost dead.
The orc hits you with an orcish dagger.
* * * LOW HITPOINT WARNING * * *
The orc priest closely misses you. The orc completely misses you.
You hit the orc priest but do no damage.
The orc priest is almost dead.
The orc hits you with an orcish dagger.
* * * LOW HITPOINT WARNING * * *
The orc priest completely misses you.
You hit the orc priest.
You kill the orc priest!
Your Dodging skill increases to level 3!
You have reached level 4!
The orc hits you from afar with an orcish trident.
You die...

#.. #... ... #.. #
# #.. .# #.#.# ?.#
##.##>#.####...##
.$.........)o..<...
........<.@o.......
####.....#######...
#.......# #.......#
......... .....(..
....... .....## ...


You could see 2 orcs.

Vanquished Creatures
  An orc priest (D:3)
  3 adders
  A giant mite (D:1)
  A giant gecko (D:3)
  A giant cockroach (D:2)
  3 hobgoblins
  7 bats
  2 giant newts (D:1)
  3 goblins
  6 rats
28 creatures vanquished.

Notes
Turn   | Place    | Note
--------------------------------------------------------------
     0 | D:1      | Psiweapon, the Vampire Enchanter, began the quest for the Orb.
     0 | D:1      | Reached XP level 1. HP: 13/13 MP: 3/3
   448 | D:2      | Reached XP level 2. HP: 14/19 MP: 4/4
   519 | D:2      | Learned a level 2 spell: Ensorcelled Hibernation
   731 | D:2      | Reached skill level 5 in Hexes
  1220 | D:1      | Reached XP level 3. HP: 22/24 MP: 3/6
  2398 | D:3      | Reached XP level 4. HP: 5/30 MP: 2/7
  2398 | D:3      | Slain by an orc

Action                   |  1- 3 |  4- 6 || total
-------------------------+-------+-------++-------
Melee: Dagger            |    75 |       ||    75
 Cast: Ensorcelled Hiber |    14 |       ||    14
 Stab: Sleeping          |    13 |       ||    13
